[ AOE2 MATCH · #497696664 ]
UnrankedChinese vs Persians
Player's team · WIN
Rival team · LOSS
[ REPLAY ANALYSIS · EXTRACTED FROM THE RECORDED GAME ]
Feudal
8:56
Castle
20:16
Imperial
36:48
| APM avg | 52.4 |
| APM peak | 84 |
| eAPM avg | 27.6 |
| Villagers / military | 144 / 137 |
Focus
⚔️ 37.9% · 🌾 62.1%
Archer ×108 · Battering Ram ×7 · Iron Pagoda ×6 · Scout Cavalry ×5 · Monk ×4 · Trebuchet (Packed) ×3
Feudal
8:27
Castle
21:44
Imperial
—
| APM avg | 69.3 |
| APM peak | 98 |
| eAPM avg | 31.3 |
| Villagers / military | 199 / 161 |
Focus
⚔️ 39.4% · 🌾 60.6%
Skirmisher ×77 · Knight ×35 · Archer ×34 · Spearman ×6 · Mangonel ×5 · Scout Cavalry ×4
Match map
Initial resources + every placement click. Lines = walls · curves = elevation contours. ◆ gold · ⬟ stone · ● berries · ✦ relic · ◌ wall gap
Your base· ✓ Closed at 20:16 · 40t walls · no gate
link_chaos's base· ✓ Closed at 21:44 · 34t walls · no gate
Smoothed initial terrain · ◌ = detected wall gap · hover for details
Inputs per minute
— Oni.GoKu - - link_chaos
Build order — Oni.GoKu
First 150 of 452 actions detected
| 0:01 | Research | Loom |
| 0:50 | Create | Villager (Male) |
| 1:16 | Create | Villager (Male) |
| 1:17 | Create | Villager (Male) |
| 1:40 | Create | Villager (Male) |
| 2:07 | Create | Villager (Male) |
| 2:27 | Create | Villager (Male) |
| 2:37 | Build | Lumber Camp |
| 2:46 | Create | Villager (Male) |
| 3:11 | Create | Villager (Male) |
| 3:29 | Build | House |
| 3:29 | Create | Villager (Male) |
| 3:35 | Create | Villager (Male) |
| 4:24 | Create | Villager (Male) |
| 4:28 | Build | Mill |
| 4:41 | Create | Villager (Male) |
| 5:07 | Create | Villager (Male) |
| 5:44 | Build | House |
| 5:49 | Create | Villager (Male) |
| 6:15 | Create | Villager (Male) |
| 6:46 | Research | Feudal Age |
| 7:03 | Build | Mill |
| 7:56 | Build | Barracks |
| 8:26 | Build | House |
| 8:44 | Create | Villager (Male) |
| 8:56 | Age | Feudal Age |
| 8:57 | Build | Stable |
| 9:11 | Create | Villager (Male) |
| 9:18 | Research | Double-Bit Axe |
| 9:31 | Create | Spearman |
| 9:35 | Create | Villager (Male) |
| 9:39 | Create | Scout Cavalry |
| 9:49 | Build | Farm |
| 9:52 | Build | Farm |
| 10:06 | Create | Villager (Male) |
| 10:13 | Build | Palisade Wall |
| 10:15 | Build | Palisade Wall |
| 10:20 | Create | Scout Cavalry |
| 10:21 | Create | Spearman |
| 10:23 | Create | Villager (Male) |
| 10:36 | Build | Farm |
| 10:39 | Build | Farm |
| 10:51 | Build | Palisade Wall |
| 10:58 | Create | Scout Cavalry |
| 11:13 | Build | Palisade Wall |
| 11:15 | Build | Farm |
| 11:20 | Build | House |
| 11:25 | Create | Villager (Male) |
| 11:32 | Build | Palisade Wall |
| 11:46 | Build | Palisade Wall |
| 11:50 | Create | Scout Cavalry |
| 11:54 | Build | House |
| 11:56 | Build | Palisade Wall |
| 12:07 | Create | Villager (Male) |
| 12:16 | Build | Farm |
| 12:19 | Build | Farm |
| 12:24 | Build | House |
| 12:25 | Create | Villager (Male) |
| 12:29 | Build | Archery Range |
| 12:33 | Build | Palisade Wall |
| 12:37 | Create | Villager (Male) |
| 12:40 | Build | Palisade Wall |
| 12:45 | Create | Scout Cavalry |
| 12:55 | Create | Villager (Male) |
| 13:05 | Build | House |
| 13:07 | Build | House |
| 13:13 | Build | Palisade Wall |
| 13:14 | Build | Palisade Wall |
| 13:15 | Create | Villager (Male) |
| 13:17 | Create | Archer |
| 13:20 | Create | Villager (Male) |
| 13:21 | Build | Palisade Wall |
| 13:45 | Create | Villager (Male) |
| 13:48 | Build | Mining Camp |
| 14:04 | Build | Farm |
| 14:06 | Build | Farm |
| 14:12 | Create | Villager (Male) |
| 14:14 | Build | Palisade Wall |
| 14:19 | Create | Villager (Male) |
| 14:29 | Build | Farm |
| 14:29 | Create | Archer |
| 14:35 | Create | Villager (Male) |
| 15:00 | Create | Villager (Male) |
| 15:07 | Create | Archer |
| 15:10 | Build | Farm |
| 15:11 | Build | Farm |
| 15:48 | Create | Archer |
| 15:54 | Build | Farm |
| 15:58 | Build | Farm |
| 16:00 | Create | Villager (Male) |
| 16:15 | Build | Lumber Camp |
| 16:17 | Create | Villager (Male) |
| 16:24 | Create | Archer |
| 17:07 | Build | Archery Range |
| 17:08 | Create | Archer |
| 17:31 | Build | Blacksmith |
| 17:36 | Research | Castle Age |
| 17:53 | Build | House |
| 18:08 | Build | House |
| 18:10 | Build | House |
| 18:14 | Create | Archer |
| 18:16 | Create | Archer |
| 18:25 | Build | House |
| 18:29 | Research | Horse Collar |
| 18:31 | Research | Gold Mining |
| 18:42 | Research | Fletching |
| 18:42 | Research | Fletching |
| 18:44 | Build | House |
| 18:48 | Build | House |
| 18:56 | Create | Archer |
| 19:24 | Create | Archer |
| 19:24 | Create | Archer |
| 19:25 | Create | Villager (Male) |
| 19:29 | Build | Farm |
| 19:44 | Create | Archer |
| 19:55 | Build | House |
| 19:58 | Create | Archer |
| 20:14 | Create | Villager (Male) |
| 20:16 | Age | Castle Age |
| 20:18 | Research | Crossbowman (upgrade) |
| 20:28 | Create | Villager (Male) |
| 20:38 | Research | Bodkin Arrow |
| 20:38 | Research | Bodkin Arrow |
| 20:51 | Create | Archer |
| 20:52 | Create | Villager (Male) |
| 21:02 | Build | Town Center |
| 21:07 | Build | Mining Camp |
| 21:19 | Create | Archer |
| 21:19 | Create | Archer |
| 21:32 | Research | Bow Saw |
| 21:36 | Create | Archer |
| 21:37 | Create | Archer |
| 21:37 | Create | Archer |
| 21:48 | Create | Archer |
| 21:50 | Create | Villager (Male) |
| 22:04 | Create | Villager (Male) |
| 22:24 | Create | Archer |
| 22:24 | Create | Archer |
| 22:38 | Create | Villager (Male) |
| 22:41 | Create | Archer |
| 22:42 | Create | Archer |
| 22:42 | Create | Archer |
| 22:58 | Research | Padded Archer Armor |
| 22:58 | Research | Padded Archer Armor |
| 23:07 | Build | Town Center |
| 23:32 | Create | Villager (Male) |
| 23:35 | Create | Archer |
| 23:35 | Create | Archer |
| 23:36 | Create | Archer |
| 24:07 | Build | Lumber Camp |
Build order — link_chaos
First 150 of 534 actions detected
| 0:00 | Create | Villager (Male) |
| 0:00 | Create | Villager (Male) |
| 0:02 | Build | House |
| 0:03 | Build | House |
| 0:05 | Create | Villager (Male) |
| 0:05 | Create | Villager (Male) |
| 0:18 | Create | Villager (Male) |
| 0:18 | Create | Villager (Male) |
| 1:28 | Create | Villager (Male) |
| 1:28 | Create | Villager (Male) |
| 1:57 | Create | Villager (Male) |
| 1:57 | Create | Villager (Male) |
| 1:58 | Build | Lumber Camp |
| 2:30 | Create | Villager (Male) |
| 2:31 | Create | Villager (Male) |
| 2:53 | Build | House |
| 2:58 | Create | Villager (Male) |
| 2:59 | Create | Villager (Male) |
| 3:27 | Create | Villager (Male) |
| 3:28 | Create | Villager (Male) |
| 3:28 | Create | Villager (Male) |
| 3:59 | Create | Villager (Male) |
| 4:00 | Create | Villager (Male) |
| 4:00 | Create | Villager (Male) |
| 4:01 | Create | Villager (Male) |
| 4:53 | Build | Mill |
| 5:28 | Research | Loom |
| 6:24 | Research | Feudal Age |
| 7:20 | Build | House |
| 7:38 | Build | Barracks |
| 7:40 | Create | Villager (Male) |
| 8:27 | Age | Feudal Age |
| 8:40 | Build | Stable |
| 8:47 | Create | Villager (Male) |
| 8:55 | Create | Spearman |
| 9:02 | Build | Palisade Wall |
| 9:07 | Build | House |
| 9:10 | Create | Villager (Male) |
| 9:15 | Research | Double-Bit Axe |
| 9:15 | Research | Double-Bit Axe |
| 9:24 | Build | House |
| 9:37 | Create | Villager (Male) |
| 9:38 | Create | Scout Cavalry |
| 9:38 | Create | Scout Cavalry |
| 9:48 | Create | Villager (Male) |
| 10:11 | Create | Villager (Male) |
| 10:14 | Build | House |
| 10:16 | Build | Palisade Wall |
| 10:23 | Create | Villager (Male) |
| 10:34 | Create | Villager (Male) |
| 10:34 | Create | Villager (Male) |
| 10:46 | Create | Villager (Male) |
| 10:55 | Build | Farm |
| 10:56 | Build | Farm |
| 11:09 | Build | Farm |
| 11:17 | Create | Spearman |
| 11:21 | Build | Farm |
| 11:27 | Build | House |
| 11:29 | Create | Spearman |
| 11:30 | Create | Scout Cavalry |
| 11:54 | Build | Farm |
| 12:10 | Create | Scout Cavalry |
| 12:25 | Build | Mining Camp |
| 12:29 | Create | Villager (Male) |
| 12:30 | Create | Villager (Male) |
| 12:38 | Create | Villager (Male) |
| 12:39 | Create | Villager (Male) |
| 12:39 | Create | Villager (Male) |
| 12:59 | Build | Archery Range |
| 13:06 | Create | Spearman |
| 13:14 | Create | Villager (Male) |
| 13:24 | Build | Farm |
| 13:40 | Create | Villager (Male) |
| 13:58 | Build | Blacksmith |
| 13:59 | Build | Farm |
| 13:59 | Create | Villager (Male) |
| 14:05 | Create | Villager (Male) |
| 14:05 | Create | Villager (Male) |
| 14:09 | Build | Farm |
| 14:20 | Create | Archer |
| 14:27 | Build | House |
| 14:28 | Build | Palisade Wall |
| 14:40 | Create | Villager (Male) |
| 14:42 | Build | Farm |
| 14:47 | Create | Villager (Male) |
| 15:08 | Create | Villager (Male) |
| 15:08 | Create | Villager (Male) |
| 15:10 | Build | Farm |
| 15:12 | Build | House |
| 15:24 | Build | Farm |
| 15:25 | Build | Farm |
| 15:27 | Build | Farm |
| 15:28 | Build | Farm |
| 15:30 | Build | Farm |
| 15:47 | Create | Archer |
| 15:48 | Create | Spearman |
| 15:53 | Build | Archery Range |
| 16:01 | Create | Villager (Male) |
| 16:06 | Create | Spearman |
| 16:11 | Build | Farm |
| 16:12 | Build | Farm |
| 16:13 | Create | Villager (Male) |
| 16:16 | Build | Palisade Wall |
| 16:19 | Create | Archer |
| 16:22 | Research | Fletching |
| 16:22 | Research | Fletching |
| 16:34 | Build | Farm |
| 16:41 | Create | Archer |
| 16:47 | Build | Palisade Wall |
| 16:50 | Create | Archer |
| 16:50 | Create | Archer |
| 17:03 | Build | Farm |
| 17:06 | Create | Villager (Male) |
| 17:15 | Build | Farm |
| 17:43 | Create | Villager (Male) |
| 17:45 | Build | House |
| 18:03 | Create | Archer |
| 18:03 | Create | Archer |
| 18:05 | Build | Farm |
| 18:07 | Build | Farm |
| 18:14 | Create | Villager (Male) |
| 18:17 | Create | Archer |
| 18:18 | Create | Archer |
| 18:49 | Build | Farm |
| 18:55 | Create | Archer |
| 18:55 | Create | Archer |
| 19:19 | Research | Castle Age |
| 19:19 | Research | Castle Age |
| 19:25 | Create | Archer |
| 19:25 | Create | Archer |
| 19:30 | Build | Farm |
| 19:32 | Build | Palisade Wall |
| 19:46 | Create | Archer |
| 19:46 | Create | Archer |
| 19:53 | Research | Padded Archer Armor |
| 19:53 | Research | Padded Archer Armor |
| 19:56 | Research | Gold Mining |
| 20:01 | Build | House |
| 20:04 | Build | House |
| 20:12 | Research | Horse Collar |
| 20:12 | Research | Horse Collar |
| 21:01 | Build | Lumber Camp |
| 21:19 | Build | House |
| 21:23 | Build | House |
| 21:23 | Build | Palisade Wall |
| 21:29 | Create | Villager (Male) |
| 21:44 | Age | Castle Age |
| 21:47 | Research | Crossbowman (upgrade) |
| 21:48 | Research | Bodkin Arrow |
| 21:49 | Create | Villager (Male) |
Match timeline
| 7:38 | link_chaos · first_building Barracks |
| 7:56 | Oni.GoKu · first_building Barracks |
| 8:27 | link_chaos · age_up feudal |
| 8:40 | link_chaos · first_building Stable |
| 8:56 | Oni.GoKu · age_up feudal |
| 8:57 | Oni.GoKu · first_building Stable |
| 9:02 | link_chaos · wall_segment Palisade Wall x1 |
| 10:13 | Oni.GoKu · wall_segment Palisade Wall x1 |
| 10:15 | Oni.GoKu · wall_segment Palisade Wall x8 |
| 10:16 | link_chaos · wall_segment Palisade Wall x9 |
| 10:51 | Oni.GoKu · wall_segment Palisade Wall x1 |
| 11:13 | Oni.GoKu · wall_segment Palisade Wall x1 |
| 11:32 | Oni.GoKu · wall_segment Palisade Wall x7 |
| 11:46 | Oni.GoKu · wall_segment Palisade Wall x1 |
| 11:56 | Oni.GoKu · wall_segment Palisade Wall x4 |
| 12:29 | Oni.GoKu · first_building Archery Range |
| 12:33 | Oni.GoKu · wall_segment Palisade Wall x3 |
| 12:40 | Oni.GoKu · wall_segment Palisade Wall x7 |
| 12:59 | link_chaos · first_building Archery Range |
| 13:13 | Oni.GoKu · wall_segment Palisade Wall x6 |
| 13:14 | Oni.GoKu · wall_segment Palisade Wall x1 |
| 13:21 | Oni.GoKu · wall_segment Palisade Wall x1 |
| 14:14 | Oni.GoKu · wall_segment Palisade Wall x1 |
| 14:28 | link_chaos · wall_segment Palisade Wall x8 |
| 16:16 | link_chaos · wall_segment Palisade Wall x11 |
| 16:47 | link_chaos · wall_segment Palisade Wall x4 |
| 19:32 | link_chaos · wall_segment Palisade Wall x1 |
| 20:16 | Oni.GoKu · age_up castle |
| 21:23 | link_chaos · wall_segment Palisade Wall x2 |
| 21:44 | link_chaos · age_up castle |
| 24:22 | link_chaos · first_market_sell 100 food |
| 26:46 | Oni.GoKu · first_building Monastery |
| 27:52 | Oni.GoKu · first_building Siege Workshop |
| 30:05 | link_chaos · first_building Siege Workshop |
| 31:10 | link_chaos · wall_segment Palisade Wall x1 |
| 31:23 | link_chaos · first_market_buy 100 stone |
| 33:37 | Oni.GoKu · first_market_sell 100 wood |
| 34:46 | Oni.GoKu · first_building Castle |
| 36:48 | Oni.GoKu · age_up imperial |
| 42:18 | link_chaos · resign |
[ AI ANALYSIS · 1 CREDIT ]
What really happened in this match?
Wolo.gg analyzes every decision: build order, eco, micro, common mistakes by bracket. Personalized analysis on WhatsApp or Discord in 30 seconds.
Civ guide
Chinese
Perfil
Jugador #1893397